 Dungeon Crawl Stone Soup version bcrawl-1.13.1 (webtiles) character file.

Game seed: 12345590283831838507

42 Revguard the Ducker (level 3, -2/26 HPs)
             Began as a Demonspawn Archaeologist on Aug 3, 2019.
             Slain by a gnoll
             ... wielding a +0 spear
              (3 damage)
             ... on level 2 of the Dungeon.
             The game lasted 00:02:12 (982 turns).

Revguard the Ducker (Demonspawn Archaeologist)       Turns: 982, Time: 00:02:13

Health: -2/26      AC: 10    Str: 12    XL:     3   Next: 33%
Magic:  3/3        EV: 13    Int: 15    God:
Gold:   122        SH:  0    Dex: 11    Spells: 2/2 levels left

rFire    . . .     SeeInvis .   o - +0 dagger
rCold    . . .     Gourm    .   (no shield)
rNeg     . . .     Faith    .   b - +1 robe
rPois    .         Spirit   .   c - +1 hat
rElec    .         Reflect  .   (no cloak)
rCorr    .         Harm     .   m - +1 pair of gloves
MR       .....                  d - +1 pair of boots
Stlth    ++........             (no amulet)
HPRegen  0.08/turn              (no ring)
MPRegen  0.08/turn              (no ring)

@: studying Short Blades
A: antennae 1, slimy green scales 1
a: no special abilities


You were on level 2 of the Dungeon.
You were not hungry.

You visited 1 branch of the dungeon, and saw 2 of its levels.

You collected 122 gold pieces.

Inventory:

Hand Weapons
 a - a +0 whip
 o - a +0 dagger (weapon)
Missiles
 n - 292 tomahawks (quivered)
Armour
 b - a +1 robe (worn)
 c - a +1 hat (worn)
 d - a +1 pair of boots (worn)
 m - a +1 pair of gloves (worn)
Scrolls
 h - 2 scrolls of teleportation {unknown}
 i - a scroll of enchant weapon {unknown}
 j - a scroll of enchant armour {unknown}
 l - a scroll of identify {unknown}
 p - a scroll of remove curse {unknown}
Books
 e - a manual of Short Blades
Miscellaneous
 f - an ancient crate
Comestibles
 g - 2 rations {!d}


   Skills:
 + Level 1.1 Fighting
 * Level 0.2 Short Blades
 - Level 1.1 Maces & Flails
 * Level 0.7 Armour
 + Level 3.4 Dodging
 + Level 3.0 Stealth
 * Level 1.1 Evocations


You had 2 spell levels left.
You didn't know any spells.
Your spell library was empty.

Dungeon Overview and Level Annotations

Branches:
Dungeon (2/12)

Altars:

Annotations:
D:2 Sigmund


Innate Abilities, Weirdness & Mutations

You have a pair of small antennae on your head.
You are partially covered in slimy green scales. (AC +2)


Message History

You hit the gnoll.
The gnoll is moderately wounded.
The gnoll hits you.
* * * LOW HITPOINT WARNING * * *
The gnoll misses you.
You hit the gnoll.
The gnoll is heavily wounded.
The gnoll hits you but does no damage. x2
You barely miss the gnoll.
The gnoll is heavily wounded.
The gnoll hits you but does no damage. The gnoll closely misses you.
You barely miss the gnoll.
The gnoll is heavily wounded.
The gnoll closely misses you. x2
You hit the gnoll.
The gnoll is heavily wounded.
The gnoll hits you.
* * * LOW HITPOINT WARNING * * *
The gnoll hits you from afar with a +0 spear.
You die...

.............
#......w....
#.....^....(
#..?........
#.##.g......
#.##.......#
#g##.......#
#####g##.......#
#...#@##.......#
#.#.#.##########
#.#.#.# ##'#<#.#
#......#
#....†.#
#......####
##........#
###......#


You could see 2 gnolls.

Vanquished Creatures
  A gnoll (D:2)
  3 leopard geckos (D:1)
  4 giant cockroaches
  4 goblins
  3 hobgoblins
  3 kobolds (D:1)
  4 bats (D:1)
  5 rats
27 creatures vanquished.

Notes
Turn   | Place    | Note
-------+----------+-------------------------------------------
     0 | D:1      | Revguard the Demonspawn Archaeologist began the quest for
                  | the Orb.
     0 | D:1      | Reached XP level 1. HP: 15/15 MP: 1/1
   110 | D:1      | Gained mutation: You have a pair of small antennae on your
                  | head. [demonic ancestry]
   110 | D:1      | Reached XP level 2. HP: 17/21 MP: 2/2
   266 | D:1      | Reached skill level 1 in Maces & Flails
   740 | D:2      | Noticed Sigmund
   897 | D:2      | Reached skill level 1 in Evocations
   897 | D:2      | Gained mutation: You are partially covered in slimy green
                  | scales. (AC +2) [demonic ancestry]
   897 | D:2      | Reached XP level 3. HP: 26/26 MP: 3/3
   982 | D:2      | HP: 1/26 [gnoll (2)]
   982 | D:2      | Slain by a gnoll

Skill      XL: |  1  2 |
---------------+-------+-----
Dodging        | 3 |  3.4
Maces & Flails | 1 |  1.1
Evocations     | 1 |  1.1
Fighting       | |  1.1
Short Blades   | |  0.2
Armour         | |  0.7
Stealth        | |  3.0

Action                   || total
-------------------------++-------
Melee: Whip              ||    91
       Dagger            ||    43
  Use: Potion            ||     1
 Stab: Sleeping          ||     6
Armor: Robe              ||    48
Dodge: Dodged            ||    99
